 Dungeon Crawl Stone Soup version 0.26-a0-651-gb41185065b (webtiles) character file.

Game seed: 5014703865886170600

481 Azzok the Digger (level 6, -1/41 HPs)
             Began as a Demonspawn Earth Elementalist on Oct 17, 2020.
             Slain by an ogre
             ... wielding a +0 giant club
              (18 damage)
             ... on level 4 of the Dungeon.
             The game lasted 00:06:44 (4374 turns).

Azzok the Digger (Demonspawn Earth Elementalist)    Turns: 4374, Time: 00:06:44

Health: -1/41      AC:  3    Str:  8    XL:     6   Next: 87%
Magic:  5/10       EV: 14    Int: 18    God:
Gold:   140        SH:  0    Dex: 14    Spells: 7/11 levels left

rFire    . . .     SeeInvis .   b - +2 dagger (chaos)
rCold    . . .     Faith    .   (no shield)
rNeg     . . .     Spirit   .   c - +0 robe
rPois    .         Reflect  .   (no helmet)
rElec    .         Harm     .   j - +0 cloak
rCorr    .         Rampage  .   (no gloves)
MR       .....                  (no boots)
Stlth    ++........             (no amulet)
HPRegen  0.13/turn              (no ring)
MPRegen  0.12/turn              (no ring)

@: no status effects
A: hooves 1, repulsion field 1, powered by death 1
a: no special abilities


You were on level 4 of the Dungeon.
You visited 1 branch of the dungeon, and saw 4 of its levels.

You collected 140 gold pieces.

Inventory:

Hand Weapons
 b - a +2 dagger of chaos (weapon)
 s - a +2 war axe of flaming
Missiles
 l - 26 stones (quivered)
Armour
 c - a +0 robe (worn)
 j - a +0 cloak (worn)
Jewellery
 h - an uncursed ring of fire
Scrolls
 d - a scroll of magic mapping {unknown}
 f - 3 scrolls of amnesia
 i - 3 scrolls of blinking
 m - 2 scrolls of teleportation {unknown}
 n - 2 scrolls of fog {unknown}
 o - a scroll of remove curse {unknown}
 q - a scroll of enchant weapon {unknown}
 r - a scroll of immolation {unknown}
 t - 2 scrolls of enchant armour {unknown}
 u - a scroll of fear {unknown}
Potions
 a - a potion of curing
 e - a potion of heal wounds
 g - 2 potions of might
 k - 2 potions of flight {unknown}
 p - a potion of mutation {unknown}


   Skills:
 - Level 1.7 Dodging
 - Level 1.7 Stealth
 + Level 3.2 Spellcasting
 * Level 3.7 Conjurations
   Level 0.8 Transmutations
 * Level 5.5 Earth Magic


You had 7 spell levels left.
You knew the following spells:

 Your Spells              Type           Power        Failure   Level
a - Sandblast             Erth           ###...       1%          1
b - Stone Arrow           Conj/Erth      ###...       7%          3

Your spell library contained the following spells:

 Spells                   Type           Power        Failure   Level
 Passwall                 Tmut/Erth      ##......     6%          2
 Petrify                  Tmut/Erth      ##......     38%         4
 Lee's Rapid Deconstruct  Erth           ###.......   41%         5
 Confusing Touch          Hex            #.......     43%         3
 Gell's Gravitas          Tloc           #.........   43%         3
 Yara's Violent Unravell  Hex/Tmut       #.........   98%         5
 Metabolic Englaciation   Hex/Ice        #.........   99%         5


Dungeon Overview and Level Annotations

Branches:
Dungeon (4/15)
 Temple: D:4-7

Altars:
Ashenzari
Cheibriados
Fedhas
Xom

Annotations:
D:4 2 transporters, loralnil's ghost, amateur OpTm


Innate Abilities, Weirdness & Mutations

You have large cloven feet.
You are surrounded by a mild repulsion field. (EV +2)
You regenerate a little health from kills.


Message History

l - 27 stones
Casting: Sandblast (safe; 1% risk of failure)
Confirm with . or Enter, or press ? or * to list all spells.
Aiming: Stone Arrow (dangerous; 7% risk of failure)
Press: ? - help, Shift-Dir - straight line, f/p - ogre
Aim: an ogre, wielding a +0 giant club (lightly wounded)
The stone arrow hits the ogre!
The ogre is heavily wounded.
The ogre hits you with a +0 giant club!!
Ouch! That really hurt!
Casting: Stone Arrow (dangerous; 7% risk of failure)
Confirm with . or Enter, or press ? or * to list all spells.
Aiming: Sandblast (safe; 1% risk of failure)
Press: ? - help, Shift-Dir - straight line, f/p - ogre
Aim: an ogre, wielding a +0 giant club (heavily wounded)
The blast of sand hits the ogre!
The ogre is almost dead.
l - 26 stones The ogre hits you with a +0 giant club!!
You die...

···· ▒·············▒▒ ·▒
··· ▒▒········▒···▒ ·▒
··· ▒······▒▒▒······ ▒▒
▒▒ ▒▒▒▒·▒▒·<▒▒▒······
▒▒▒··▒·▒··▒▒··▒·▒····▒··
··········▒▒▒······▒▒▒··
·········▒▒······ ▒▒▒
▒···▒▒···▒···▒▒▒▒·····
··▒·······©·©·@O······
·····▒▒▒▒▒▒▒▒▒▒▒▒▒····
····▒©···?[·WO··▒····
····▒··▒▒···▒▒··▒ ···
····▒·▒··▒·▒··▒·▒ · ··
▒·▒··▒·▒··▒·▒
▒··▒▒···▒▒··▒ ·· ·(©··
··▒


You could see 2 ogres and loralnil's ghost.

Vanquished Creatures
  4 crimson imps (D:3)
  A hound (D:3)
  2 orc wizards
  An orc priest (D:3)
  A worker ant (D:4)
  Natasha (thrice) (D:3)
  An iguana (D:2)
  A worker ant zombie (D:2)
  2 adders
  A dart slug (D:3)
  4 leopard geckos
  10 orcs
  6 bats
  A bat zombie (D:2)
  3 giant cockroaches
  4 goblins
  6 hobgoblins
  3 kobolds
  3 quokkas
  2 frilled lizards (D:1)
  A jackal zombie (D:2)
  A leopard gecko zombie (D:2)
  A quokka zombie (D:2)
  7 rats
69 creatures vanquished.

Vanquished Creatures (others)
  A fungus (D:2)
  4 withered plants (D:2)
5 creatures vanquished.

Grand Total: 74 creatures vanquished

Notes
Turn   | Place    | Note
-------+----------+-------------------------------------------
     0 | D:1      | Azzok the Demonspawn Earth Elementalist began the quest for
                  | the Orb.
     0 | D:1      | Reached XP level 1. HP: 13/13 MP: 3/3
   239 | D:1      | Reached skill level 3 in Earth Magic
   556 | D:1      | Found a broken altar of Ashenzari.
   758 | D:1      | Gained mutation: You have large cloven feet. [demonic
                  | ancestry]
   758 | D:1      | Reached XP level 2. HP: 19/19 MP: 3/5
  1034 | D:2      | Found a blossoming altar of Fedhas.
  1362 | D:2      | Reached XP level 3. HP: 22/24 MP: 6/6
  1374 | D:2      | Reached skill level 4 in Earth Magic
  1411 | D:2      | Learned a level 3 spell: Stone Arrow
  1626 | D:2      | Found a snail-covered altar of Cheibriados.
  1680 | D:2      | Reached skill level 1 in Conjurations
  1680 | D:2      | Gained mutation: You are surrounded by a mild repulsion
                  | field. (EV +2) [demonic ancestry]
  1680 | D:2      | Reached XP level 4. HP: 21/30 MP: 5/7
  2421 | D:3      | Noticed Natasha
  2435 | D:3      | Killed Natasha
  2855 | D:2      | Gained mutation: You regenerate a little health from kills.
                  | [demonic ancestry]
  2855 | D:2      | Reached XP level 5. HP: 10/35 MP: 0/8
  3124 | D:3      | Noticed Natasha
  3160 | D:3      | Killed Natasha
  3204 | D:3      | Noticed Natasha
  3209 | D:3      | Killed Natasha
  3209 | D:3      | Reached skill level 5 in Earth Magic
  3332 | D:3      | Found a shimmering altar of Xom.
  3336 | D:3      | Reached XP level 6. HP: 41/41 MP: 7/10
  4360 | D:4      | Found a transporter.
  4362 | D:4      | Noticed loralnil's ghost (amateur OpTm)
  4364 | D:4      | Found a transporter.
  4364 | D:4      | Identified the +2 great mace "Netuigi" {protect, +Rage
                  | rElec MR+}
  4374 | D:4      | Slain by an ogre

Illustrated notes

Levels and vault maps discovered:
D:1:      lemuel_arrival_river_ford, layout_basic, skrybe_limestone_x,
          evilmike_ruin_ashenzari
D:2:      layout_loops_cross, lemuel_crystal_altar, serial_undead,
          serial_undead_b, serial_undead_d, serial_undead_a, serial_undead_f,
          serial_undead_b, fedhas_altar_3
D:3:      layout_rooms, led_xom_imps, uniq_natasha
D:4:      layout_cave_pools, gammafunk_ghost_smash, grunt_decor_clamped,
          uniq_grinder

Skill      XL: |  1  2  3  4  5  6 |
---------------+-------------------+-----
Earth Magic    | 3 4 5 |  5.5
Conjurations   | 1 2 3 |  3.7
Spellcasting   | 3 |  3.2
Dodging        | |  1.7
Stealth        | |  1.7
Transmutations | |  0.8

Action                   |  1- 3 |  4- 6 || total
-------------------------+-------+-------++-------
Melee: Unarmed           |    39 |   105 ||   144
       Kick              |     5 |    34 ||    39
       Dagger            |       |    67 ||    67
 Cast: Sandblast         |    31 |    50 ||    81
       Stone Arrow       |       |     1 ||     1
  Use: Scroll            |       |     5 ||     5
Armor: Robe              |    26 |    41 ||    67
Dodge: Dodged            |    66 |   181 ||   247

Table legend: (Time is in decaauts)
 A = Elapsed time spent in this place.
 B = Non-inter-level travel time spent in this place.
 C = Inter-level travel time spent in this place.
 D = Time resting spent in this place.
 E = Time spent auto-exploring this place.
 F = Levels seen in this place.
 G = Mean time per level.
                   A        B        C        D        E       F      G
               +--------+--------+--------+--------+--------+-----+--------+
         Total |   4385 |   4281 |    104 |   1281 |   2271 |   4 | 1096.2 |
       Dungeon |   4385 |   4281 |    104 |   1281 |   2271 |   4 | 1096.2 |
               +--------+--------+--------+--------+--------+-----+--------+

Top non-repeatable levels by time:
     D:2: 1673 daAuts
     D:3: 1370 daAuts
     D:1: 1038 daAuts
     D:4: 302 daAuts
